 Dungeon Crawl Stone Soup version bcrawl-1.31.4 (webtiles) character file.

Game seed: 11674899562448470674

194581 Morbidden the Conjurer (level 7, 44/56 HPs)
             Began as a White Draconian Conjurer on June 12, 2021.
             Quit the game on level 4 of the Dungeon.
             The game lasted 00:05:15 (3932 turns).

Morbidden the Conjurer (White Draconian Conjurer)   Turns: 3932, Time: 00:05:15

Health: 44/56      AC:  6    Str: 10    XL:     7   Next: 12%
Magic:  0/13       EV: 12    Int: 17    God:
Gold:   186        SH:  0    Dex: 12    Spells: 11/14 levels left

rFire    . . .     SeeInvis .     - Fists (5.3)
rCold    + . .     Gourm    .   (no shield)
rNeg     . . .     Faith    .   (armour unavailable)
rPois    .         Spirit   .   (helmet restricted)
rElec    .         Reflect  .   (no cloak)
rCorr    .         Harm     .   (no gloves)
MR       .....                  (no boots)
Stlth    ++........             (no amulet)
HPRegen  0.18/turn              (no ring)
MPRegen  0.13/turn              (no ring)

@: no status effects
A: breathe frost, unfitting armour, cold resistance 1, cold-blooded, AC +6
a: Breathe Frost


You were on level 4 of the Dungeon.
You were not hungry.

You visited 1 branch of the dungeon, and saw 4 of its levels.

You collected 186 gold pieces.

Inventory:

Jewellery
 p - a +2 ring of protection {unknown}
 s - an uncursed ring of stealth {unknown}
Wands
 u - a wand of disintegration (14)
Scrolls
 a - a scroll of amnesia {unknown}
 c - a scroll of magic mapping {unknown}
 d - 4 scrolls of teleportation {unknown}
 i - 6 scrolls of identify
 l - a scroll of fear {unknown}
 n - a scroll of immolation {unknown}
 o - a scroll of blinking {unknown}
 t - a scroll of enchant armour {unknown}
Potions
 b - a potion of magic
 f - 3 potions of agility {unknown}
 g - 2 potions of invisibility {unknown}
 h - 2 potions of cancellation {unknown}
 j - a potion of lignification {unknown}
 k - a potion of ambrosia {unknown}
 m - a potion of berserk rage {unknown}
 q - a potion of might {unknown}
 r - a potion of heal wounds {unknown}
Comestibles
 e - 5 rations {!d}
 v - 8 chunks of flesh


   Skills:
 * Level 2.5 Fighting
 * Level 2.5 Dodging
 + Level 2.2 Stealth
 * Level 2.1 Unarmed Combat
 * Level 4.2 Spellcasting
 * Level 6.1 Conjurations


You had 11 spell levels left.
You knew the following spells:

 Your Spells              Type           Power        Failure   Level  Hunger
a - Magic Dart            Conj           ###.         1%          1    None
b - Searing Ray           Conj           ###.....     1%          2    None

Your spell library contained the following spells:

 Spells                   Type           Power        Failure   Level  Hunger
 Iskenderun's Mystic Bla  Conj           ###.....     3%          3    ###....
 Fulminant Prism          Conj/Hex       ##........   41%         4    #####..
 Irradiate                Conj/Tmut      ##........   77%         5    ######.


Dungeon Overview and Level Annotations

Branches:
Dungeon (4/12)
 Temple: D:4-7

Altars:
Xom

Shops:
D:4 ?

Annotations:
D:2 1 runed door


Innate Abilities, Weirdness & Mutations

You can breathe waves of freezing cold.
You can buffet flying creatures when you breathe cold.
Your icy white scales are hard. (AC +6)
You cannot fit into any form of body armour.
Your flesh is cold resistant. (rC+)
You are cold-blooded and may be slowed by cold attacks.


Message History

No target in view!
No target in view!
No target in view!
No target in view!
No target in view!
No target in view!
No target in view!
No target in view!
No target in view!
No target in view!
No target in view!
No target in view!
No target in view!
No target in view!
No target in view!
No target in view!
No target in view!
No target in view!
No target in view!
Are you sure you want to abandon this character and quit the game? (Confirm with "yes".)

#.##.## .#.<. .....
... # ... #.##.###.###
#....ยง............###
#@# #.# #.......+ #.#
#.# #.#.#...+ #.# #.#
#.#.#..# #.# #.#
#......# #.# #.#
#......# #.#
#.###......#
#.####.##....>..##
#.........#.......
#########....#####


There were no monsters in sight!

Vanquished Creatures
  A phantom (D:4)
  2 ogres (D:4)
  2 crimson imps (D:4)
  2 orc wizards (D:4)
  Jessica (D:2)
  Terence (D:2)
  2 worker ants (D:4)
  Robin (D:4)
  An adder (D:3)
  An adder skeleton (D:4)
  2 worms
  3 dart slugs (D:1)
  6 leopard geckos
  3 orcs
  4 giant cockroaches
  12 hobgoblins
  2 quokkas
  A ball python (D:1)
  4 bats
  2 frilled lizards (D:1)
  7 goblins
  8 kobolds
  4 rats (D:1)
72 creatures vanquished.

Notes
Turn   | Place    | Note
-------+----------+-------------------------------------------
     0 | D:1      | Morbidden the Draconian Conjurer began the quest for the
                  | Orb.
     0 | D:1      | Reached XP level 1. HP: 14/14 MP: 3/3
   166 | D:1      | Reached XP level 2. HP: 20/20 MP: 0/5
   309 | D:1      | Learned a level 2 spell: Searing Ray
   600 | D:1      | Found a sparkling altar of Nemelex Xobeh.
   602 | D:1      | Found a shimmering altar of Xom.
   602 | D:1      | Found a glowing golden altar of the Shining One.
   604 | D:1      | Found a snail-covered altar of Cheibriados.
   604 | D:1      | Found a burning altar of Makhleb.
   604 | D:1      | Found an iron altar of Okawaru.
   863 | D:1      | Reached XP level 3. HP: 27/27 MP: 2/6
   957 | D:1      | Reached skill level 1 in Unarmed Combat
  1344 | D:2      | Found a faded altar of an unknown god.
  1401 | D:2      | Found a runed door.
  1424 | D:2      | Noticed Jessica
  1428 | D:2      | Killed Jessica
  1429 | D:2      | Reached XP level 4. HP: 34/34 MP: 1/7
  1646 | D:2      | Noticed Terence
  1665 | D:2      | Killed Terence
  1666 | D:2      | Reached skill level 1 in Fighting
  1666 | D:2      | Reached skill level 5 in Conjurations
  2792 | D:4      | Reached XP level 5. HP: 41/41 MP: 0/9
  3075 | D:4      | Reached XP level 6. HP: 48/48 MP: 5/11
  3581 | D:4      | Found Wetol's Magic Scroll Shop.
  3640 | D:4      | Reached skill level 6 in Conjurations
  3640 | D:4      | Your scales start taking on an icy white colour.
  3640 | D:4      | Reached XP level 7. HP: 56/56 MP: 6/13
  3640 | D:4      | Gained mutation: Your flesh is cold resistant. (rC+) [White
                  | Draconian growth]
  3779 | D:4      | Noticed Robin
  3802 | D:4      | Killed Robin
  3932 | D:4      | Quit the game

Skill      XL: |  1  2  3  4  5  6 |
---------------+-------------------+-----
Unarmed Combat | 1 2 |  2.1
Dodging        | 2 |  2.5
Fighting       | 1 2 |  2.5
Conjurations   | 5 6 |  6.1
Spellcasting   | 3 4 |  4.2
Stealth        | |  2.2

Action                   |  1- 3 |  4- 6 |  7- 9 || total
-------------------------+-------+-------+-------++-------
Melee: Unarmed           |    16 |     6 |     7 ||    29
       Tailslap          |     6 |       |       ||     6
 Cast: Magic Dart        |    63 |    80 |    16 ||   159
       Searing Ray       |     4 |    15 |     3 ||    22
 Abil: Breathe Frost     |       |       |     1 ||     1
  Eat: Chunk             |     3 |     8 |     3 ||    14
Armor: Skin              |     3 |     7 |     3 ||    13
Dodge: Dodged            |    13 |    18 |    13 ||    44
